 Dungeon Crawl Stone Soup version 0.27.0-1-g7a089689b8 (webtiles) character file.

Game seed: 13256973651297288177

80 mandarbmax the Chucker (level 4, 0/44 HPs)
             Began as an Ogre Arcane Marksman on Aug 1, 2021.
             Slain by a water moccasin skeleton (6 damage)
             ... on level 3 of the Dungeon.
             The game lasted 00:05:45 (3372 turns).

mandarbmax the Chucker (Ogre Arcane Marksman)       Turns: 3372, Time: 00:05:46

Health: 0/44       AC:  3    Str: 15    XL:     4   Next: 39%
Magic:  3/5        EV: 10    Int: 14    God:
Gold:   119        SH:  0    Dex:  9    Spells: 4/5 levels left

rFire    . . .     SeeInvis .   f - +0 short sword
rCold    . . .     Faith    .   (no shield)
rNeg     . . .     Spirit   .   a - +0 robe
rPois    .         Reflect  .   (helmet restricted)
rElec    .         Harm     .   (no cloak)
rCorr    .         Rampage  .   (gloves unavailable)
Will     .....                  (boots unavailable)
Stlth    +.........             (no amulet)
HPRegen  0.14/turn              (no ring)
MPRegen  0.09/turn              (no ring)

@: no status effects
A: large, unfitting armour, tough skin 1
a: no special abilities


You were on level 3 of the Dungeon.
You visited 1 branch of the dungeon, and saw 3 of its levels.

You collected 119 gold pieces.

Inventory:

Hand Weapons
 f - a +0 short sword (weapon)
Missiles
 b - a large rock (quivered)
 c - a throwing net
 k - 7 atropa-tipped darts
Armour
 a - a +0 robe (worn)
Scrolls
 d - 3 scrolls of identify {unknown}
 e - a scroll of enchant armour {unknown}
 i - a scroll of silence {unknown}
 j - 2 scrolls of summoning {unknown}
 m - a scroll of amnesia {unknown}
Potions
 g - 2 potions of heal wounds {unknown}
 h - a potion of invisibility {unknown}
 l - a potion of might {unknown}
 n - a potion of curing {unknown}


   Skills:
 + Level 2.6 Fighting
 * Level 4.0 Throwing
 - Level 2.0 Dodging
 - Level 1.2 Spellcasting
 - Level 2.6 Hexes


You had 4 spell levels left.
You knew the following spells:

 Your Spells              Type           Power      Damage    Failure   Level
a - Corona                Hex            8%         N/A       9%          1

Your spell library contained the following spells:

 Spells                   Type           Power      Damage    Failure   Level
 Slow                     Hex            8%         N/A       13%         2
 Sting                    Tmut/Pois      0%         1d3       26%         1
 Poisonous Vapours        Pois/Air       0%         N/A       36%         2
 Inner Flame              Hex/Fire       4%         N/A       41%         3
 Portal Projectile        Hex/Tloc       8%         N/A       41%         3
 Cause Fear               Hex            4%         N/A       65%         4
 Olgreb's Toxic Radiance  Pois           0%         N/A       95%         4


Dungeon Overview and Level Annotations

Branches:
Dungeon (3/15)

Altars:


Innate Abilities, Weirdness & Mutations

You are too large for most types of armour.
You have tough skin. (AC +1)


Message History

Press: ? - help, Q - select action, (/) - cycle Shift-Dir - straight line, f/p - water moccasin skeleton
Aim: a water moccasin skeleton (heavily damaged, 65% to hit)
You throw a throwing net.
The throwing net hits the water moccasin skeleton.
The water moccasin skeleton is caught in the net!
The water moccasin skeleton is heavily damaged.
The water moccasin skeleton struggles against the net.
You hit the water moccasin skeleton but do no damage.
The water moccasin skeleton is heavily damaged.
The water moccasin skeleton struggles against the net. x2
You barely miss the water moccasin skeleton.
The water moccasin skeleton is heavily damaged.
The water moccasin skeleton struggles against the net.
You catch the helpless water moccasin skeleton completely off-guard!
You hit the water moccasin skeleton.
The water moccasin skeleton is severely damaged.
The water moccasin skeleton struggles against the net.
You hit the water moccasin skeleton but do no damage.
The water moccasin skeleton is severely damaged.
The water moccasin skeleton struggles against the net.
The net rips apart, and the water moccasin skeleton comes free!
The water moccasin skeleton bites you but does no damage.
Casting: Corona (safe; 9% risk of failure)
Confirm with . or Enter, or press ? or * to list all spells.
Aiming: Corona (safe; 9% risk of failure)
Press: ? - help, Shift-Dir - straight line, f/p - water moccasin skeleton
Aim: a water moccasin skeleton (severely damaged, chance to affect: 55%)
The water moccasin skeleton is outlined in light.
The water moccasin skeleton barely misses you.
Your magical contamination has completely faded away.
Throw: 2 large rocks
Press: ? - help, Q - select action, (/) - cycle Shift-Dir - straight line, f/p - water moccasin skeleton
Aim: a water moccasin skeleton (severely damaged, softly glowing, 85% to hit)
You throw a large rock.
The large rock hits the water moccasin skeleton.
The water moccasin skeleton is severely damaged.
The water moccasin skeleton bites you.
* * * LOW HITPOINT WARNING * * *
The water moccasin skeleton bites you.
You die...

##### ##....#####
#######..........
#######.............#.#
#....Z@....##......##.#
#.##.##..#.# #........#
#.##..#.# ####..####
#.##..#.# #..#
#.....#.# ##..####
#..##.#.# ##....)..
#.##..##.#.# ##.....###
#........#.###.......##
####.......##.........#


You could see a water moccasin skeleton (corona).

Vanquished Creatures
  3 gnolls
  An adder (D:3)
  An orc (D:3)
  3 ball pythons
  3 bats
  4 endoplasms
  4 giant cockroaches
  5 hobgoblins
  2 quokkas
  A frilled lizard (D:1)
  5 goblins
  5 kobolds
  4 rats
41 creatures vanquished.

Notes
Turn   | Place    | Note
-------+----------+-------------------------------------------
     0 | D:1      | mandarbmax the Ogre Arcane Marksman began the quest for the
                  | Orb.
     0 | D:1      | Reached XP level 1. HP: 19/19 MP: 2/2
   199 | D:1      | Reached XP level 2. HP: 20/27 MP: 1/3
   889 | D:2      | Reached skill level 3 in Throwing
  1413 | D:2      | Reached XP level 3. HP: 12/33 MP: 0/4
  1777 | D:2      | Found a faded altar of an unknown god.
  2632 | D:3      | Reached XP level 4. HP: 41/44 MP: 5/5
  2843 | D:3      | Reached skill level 4 in Throwing
  3372 | D:3      | Slain by a water moccasin skeleton

Illustrated notes

Levels and vault maps discovered:
D:1:      psy_arrival_whirlpool, layout_rooms, minmay_heptomino_l4
D:2:      layout_basic, ebering_ecumenical_altar_sacrificial
D:3:      layout_loops_corners, lemuel_doored_altar,
          mainiacjoe_overflow_alcove_1, mainiacjoe_overflow_tiny_flanked,
          gammafunk_temple_overflow_wave, minivault_5, minmay_surrounded

Skill      XL: |  1  2  3  4 |
---------------+-------------+-----
Dodging        | 2 |  2.0
Throwing       | 3 4 |  4.0
Fighting       | 2 |  2.6
Spellcasting   | |  1.2
Hexes          | |  2.6

Action                   |  1- 3 |  4- 6 || total
-------------------------+-------+-------++-------
Melee: Short sword       |   101 |    51 ||   152
       Unarmed           |     6 |       ||     6
Throw: Large rock        |    16 |     1 ||    17
       Dart              |       |     3 ||     3
       Throwing net      |       |     1 ||     1
 Cast: Corona            |    26 |     4 ||    30
 Stab: Invisible         |       |     1 ||     1
       Held in net/web   |       |     1 ||     1
Armor: Robe              |    33 |     9 ||    42
Dodge: Dodged            |    73 |    29 ||   102
